 Dungeon Crawl Stone Soup version 0.28-a0-631-g0446da8ef9 (webtiles) character file.

Game seed: 14529533422314220251

107 Pixllover the Chopper (level 4, 0/61 HPs)
             Began as a Minotaur Berserker on Oct 10, 2021.
             Was a Believer of Trog.
             Succumbed to an adder's poison
             ... on level 4 of the Dungeon.
             The game lasted 00:04:53 (3049 turns).

Pixllover the Chopper (Minotaur Berserker)          Turns: 3049, Time: 00:04:54

Health: 0/61       AC: 10    Str: 23    XL:     4   Next: 57%
Magic:  3/3        EV:  8    Int:  4    God:    Trog [**....]
Gold:   82         SH:  0    Dex:  9    Spells: 3/3 levels left

rFire   . . .      SeeInvis .   a - +0 hand axe
rCold   . . .      Faith    .   (no shield)
rNeg    . . .      Spirit   .   d - +1 chain mail
rPois   .          Reflect  .   (helmet restricted)
rElec   .          Harm     .   (no cloak)
rCorr   .          Rampage  .   (no gloves)
Will    .....                   (no boots)
Stlth   ..........              (no amulet)
HPRegen 0.20/turn               (no ring)
MPRegen 0.08/turn               (no ring)

@: berserking, lethally poisoned (0 -> -5), very quick
A: horns 2, retaliatory headbutt
a: Renounce Religion, Berserk, Trog's Hand


You were on level 4 of the Dungeon.
You worshipped Trog.
Trog was pleased with you.
You visited 1 branch of the dungeon, and saw 4 of its levels.

You collected 215 gold pieces.
You spent 133 gold pieces at shops.

Inventory:

Hand Weapons
 a - a +0 hand axe (weapon)
Missiles
 b - 6 boomerangs (quivered)
Armour
 d - a +1 chain mail (worn)
Scrolls
 c - 3 scrolls of identify
 e - a scroll of torment
 g - a scroll of silence {unknown}
 h - 2 scrolls of immolation
 k - 2 scrolls of enchant weapon
 l - a scroll of teleportation {unknown}
 m - a scroll of fear {unknown}
Potions
 f - 3 potions of might {unknown}
 i - a potion of brilliance {unknown}
 j - a potion of magic {unknown}


   Skills:
 + Level 4.5 Fighting
 + Level 5.0 Axes
 + Level 3.4 Armour
 + Level 2.4 Dodging
 + Level 0.4 Stealth


You had 3 spell levels left.
You didn't know any spells.
Your spell library was empty.

Dungeon Overview and Level Annotations

Branches:
Dungeon (4/15)
 Temple: D:4-7

Altars:
The Shining One

Shops:
D:3 ?


Innate Abilities, Weirdness & Mutations

You have a pair of horns on your head.
You reflexively headbutt those who attack you in melee.


Message History

Trog accepts your kill.
The adder skeleton bites you but does no damage.
You hit the adder skeleton. You headbutt the adder skeleton.
You destroy the adder skeleton!
Trog accepts your kill.
Your Axes skill increases to level 5!
You open the door.
There is an open door here.
You open the door.
There is an open door here.
You now have 82 gold pieces (gained 5).
You open the door.
There is an open door here.
Found a hunting sling.
Found a glowing golden altar of the Shining One.
You see here a +0 hunting sling.
There is a glowing golden altar of the Shining One here.
There is an open door here.
You open the door.
An ogre comes into view. It is wielding a +0 giant club.
The ogre hits you with a +0 giant club!
You hit the ogre but do no damage. You headbutt the ogre!
The ogre is heavily wounded.
The ogre hits you with a +0 giant club!!
Ouch! That really hurt!
* * * LOW HITPOINT WARNING * * *
An adder comes into view.
The adder hisses angrily.
The adder closely misses you. The adder closely misses you.
The adder bites you.
* * * LOW HITPOINT WARNING * * *
A red film seems to cover your vision as you go berserk!
You feel yourself moving faster!
You feel mighty! The adder bites you.
* * * LOW HITPOINT WARNING * * *
You are lethally poisoned!
The adder poisons you! The adder bites you.
* * * LOW HITPOINT WARNING * * *
You closely miss the adder. You hit the ogre.
You die...

....#########......#
....#.....##...[..#
#...#.....##......#
#...#.....##......#
#.<.#.....##......#
#...#.....##......# #
#...#.....##......# #.
#...#......#......######
..#.##...#..@...#............
####........#.OS...#####.#......
......#....#......# #:.........
.....#....#.)....# #..........
....#....###.##.# #..........
....#........##.# #..........
#'#.....##...#.# #..........
#.#...###....'.# #..........
#.#... #....#######.#......


You could see an ogre and an adder.

Vanquished Creatures
  4 adders
  An adder skeleton (D:4)
  A worm (D:3)
  3 dart slugs
  3 ball pythons
  3 bats
  4 endoplasms
  2 giant cockroaches
  6 hobgoblins
  8 jackals (D:1)
  3 quokkas
  3 frilled lizards
  6 goblins
  4 kobolds (D:1)
  5 rats
56 creatures vanquished.

Notes
Turn   | Place    | Note
-------+----------+-------------------------------------------
     0 | D:1      | Pixllover the Minotaur Berserker began the quest for the
                  | Orb.
     0 | D:1      | Reached XP level 1. HP: 19/19 MP: 0/0
    49 | D:1      | Reached XP level 2. HP: 22/27 MP: 1/1
   161 | D:1      | Reached skill level 4 in Axes
   482 | D:1      | Reached XP level 3. HP: 30/33 MP: 2/2
   491 | D:1      | Reached ** piety under Trog
   723 | D:1      | Found a faded altar of an unknown god.
  1321 | D:2      | Reached XP level 4. HP: 41/41 MP: 3/3
  2282 | D:3      | Found Citzethre's Magic Scroll Emporium.
  2287 | D:3      | Bought a scroll of enchant weapon for 105 gold pieces
  2287 | D:3      | Bought a scroll of identify for 28 gold pieces
  2839 | D:4      | Reached skill level 5 in Axes
  2896 | D:4      | Found a glowing golden altar of the Shining One.
  3021 | D:4      | Noticed an ogre
  3048 | D:4      | HP: 1/61 [adder (3)]
  3049 | D:4      | Succumbed to an adder's poison

Illustrated notes

Levels and vault maps discovered:
D:1:      elethiomel_arrival_infinity_welcomes_careful_drivers,
          layout_loops_ring, ebering_ecumenical_altar_abandoned,
          grunt_decor_junction
D:2:      layout_loops_ring
D:3:      layout_loops_cross, serial_shops, shop, minmay_misc_feat_roman,
          grunt_decor_one_mirror
D:4:      layout_basic, nicolae_tso_swordbearing_angel

Skill      XL: |  1  2  3  4 |
---------------+-------------+-----
Fighting       | 4 |  4.5
Axes           | 4 5 |  5.0
Armour         | 3 |  3.4
Dodging        | |  2.4
Stealth        | |  0.4

Action                   |  1- 3 |  4- 6 || total
-------------------------+-------+-------++-------
Melee: Hand axe          |    71 |    46 ||   117
       Headbutt          |    14 |     2 ||    16
Invok: Berserk           |       |     1 ||     1
  Use: Scroll            |     2 |     1 ||     3
 Stab: Distracted        |     1 |       ||     1
Armor: Animal skin       |     3 |       ||     3
       Chain mail        |    36 |    25 ||    61
Dodge: Dodged            |    38 |    26 ||    64

Table legend: (Time is in decaauts)
 A = Elapsed time spent in this place.
 B = Non-inter-level travel time spent in this place.
 C = Inter-level travel time spent in this place.
 D = Time resting spent in this place.
 E = Time spent auto-exploring this place.
 F = Levels seen in this place.
 G = Mean time per level.
                   A        B        C        D        E       F      G
               +--------+--------+--------+--------+--------+-----+--------+
         Total |   3057 |   2975 |     82 |      0 |   2244 |   4 |  764.2 |
       Dungeon |   3057 |   2975 |     82 |      0 |   2244 |   4 |  764.2 |
               +--------+--------+--------+--------+--------+-----+--------+

Top non-repeatable levels by time:
     D:1: 970 daAuts
     D:2: 763 daAuts
     D:3: 721 daAuts
     D:4: 602 daAuts
